 Dungeon Crawl Stone Soup version 0.30.0-10-gfe55d96785 (webtiles) character file.

Game seed: 14054984085139725586

1284 Byczy the Reanimator (level 8, -7/42 HPs)
             Began as a Deep Elf Necromancer on May 15, 2023.
             Mangled by a gnoll sergeant
             ... wielding a +0 spear
              (8 damage)
             ... on level 6 of the Dungeon.
             The game lasted 00:17:18 (5755 turns).

Byczy the Reanimator (Deep Elf Necromancer)         Turns: 5755, Time: 00:17:18

Health: -7/42      AC:  6    Str:  5    XL:     8   Next: 29%
Magic:  26/31      EV: 13    Int: 23    God:
Gold:   247        SH:  0    Dex: 15    Spells: 11/24 levels left

rFire   . . .        g - +0 long sword
rCold   . . .        (no shield)
rNeg    . . .        a - +1 robe
rPois   .            s - +2 helmet
rElec   .            (no cloak)
rCorr   .            (no gloves)
SInv    +            (no boots)
Will    .....        (no amulet)
Stlth   ++           l - ring of magical power
HPRegen 0.27/turn    u - ring of see invisible
MPRegen 0.22/turn

%: no passive effects
@: no status effects
A: no striking features
a: no special abilities


You were on level 6 of the Dungeon.
You visited 1 branch of the dungeon, and saw 6 of its levels.

You collected 247 gold pieces.

Inventory:

Hand Weapons
 g - a +0 long sword (weapon)
 p - a +0 whip of venom
Armour
 a - a +1 robe (worn)
 s - a +2 helmet (worn)
Jewellery
 l - a ring of magical power (left hand)
 u - a ring of see invisible (right hand)
 y - a ring of positive energy
Wands
 C - a wand of flame (3) (quivered)
Scrolls
 c - 2 scrolls of fog
 d - a scroll of magic mapping {unknown}
 e - 6 scrolls of identify
 i - 5 scrolls of teleportation
 k - a scroll of torment {unknown}
 m - 2 scrolls of enchant armour
 w - 2 scrolls of fear {unknown}
 z - a scroll of noise {unknown}
 B - 3 scrolls of poison {unknown}
 D - 2 scrolls of immolation {unknown}
Potions
 b - 3 potions of magic
 f - a potion of ambrosia {unknown}
 h - a potion of cancellation {unknown}
 j - 2 potions of might
 n - 2 potions of flight
 o - 2 potions of attraction
 r - 2 potions of brilliance {unknown}
 t - a potion of lignification {unknown}
 v - a potion of invisibility {unknown}
 x - a potion of curing {unknown}
 A - a potion of mutation {unknown}


   Skills:
 + Level 0.6 Fighting
 + Level 1.5 Long Blades
 + Level 2.9 Dodging
 + Level 3.1 Stealth
 + Level 8.5 Spellcasting
 + Level 9.7 Necromancy
 + Level 2.0 Evocations


You had 11 spell levels left.
You knew the following spells:

 Your Spells              Type           Power      Damage    Failure   Level
a - Necrotise             Necr           100%       1d9       1%          1
b - Vampiric Draining     Necr           53%        2d9       1%          3
c - Animate Dead          Necr           53%        N/A       1%          4
d - Agony                 Necr           53%        N/A       3%          5

Your spell library contained the following spells:

 Spells                   Type           Power      Damage    Failure   Level
 Hailstorm                Conj/Ice       9%         3d4       21%         3
 Ice Form                 Ice/Tmut       9%         N/A       54%         4
 Simulacrum               Ice/Necr       16%        N/A       80%         6


Dungeon Overview and Level Annotations

Branches:
Dungeon (6/15)             Temple (0/1) D:4

Altars:
Ashenzari
Fedhas
Ru
Vehumet

Shops:
D:1 *   D:6 !


Message History

You kill the gnoll!
The dead are walking!
Your orc priest zombie hits the gnoll sergeant but does no damage.
Casting: Necrotise (safe; 1% risk of failure)
Confirm with . or Enter, or press ? or * to list all spells.
You can't see any susceptible monsters within range! (Use Z to cast anyway.)
You swap places.
The gnoll sergeant hits your orc priest zombie with a +0 spear.
The gnoll hits you from afar with a +0 halberd!
The gnoll sergeant attacks as you move away!
The gnoll sergeant hits you with a +0 spear!
The gnoll sergeant hits you but does no damage.
Your orc priest zombie misses the gnoll sergeant.
You barely miss the gnoll.
The gnoll sergeant hits you from afar with a +0 spear!
The gnoll closely misses you.
Your orc priest zombie barely misses the gnoll sergeant.
Your gnoll skeleton barely misses the gnoll sergeant.
The gnoll barely misses you.
The gnoll sergeant hits you from afar with a +0 spear.
* * * LOW HITPOINT WARNING * * *
The gnoll hits you from afar with a +0 halberd.
* * * LOW HITPOINT WARNING * * *
Casting: Necrotise (safe; 1% risk of failure)
Confirm with . or Enter, or press ? or * to list all spells.
Aiming: Vampiric Draining (safe; 1% risk of failure)
Press: ? - help, Shift-Dir - straight line, f - gnoll
Aim: a gnoll, wielding a +0 flail You draw life force from the gnoll!
You feel life coursing into your body.
Your orc priest zombie hits the gnoll sergeant but does no damage.
Your gnoll skeleton hits the gnoll sergeant but does no damage.
The gnoll sergeant hits you from afar with a +0 spear.
* * * LOW HITPOINT WARNING * * *
The gnoll barely misses you.
The gnoll hits you from afar with a +0 halberd.
* * * LOW HITPOINT WARNING * * *
You swap places.
Your orc priest zombie hits the gnoll but does no damage.
The gnoll sergeant hits you from afar with a +0 spear!
You die...

........##..... .#
..#.....#....#.##.# $#
..#...#.........#.##.##.
#.......................
.......................#
................##.#...#
.#.............)#...#..#
.......)......gg.#.##..#
..............Z#@.#....##
..............gZ.......$#
.....................#...##
.#..............#...###....
........................[..
.....>...#................. ....
...................#######.......
#..........#.......# #......
...........#......### ###......


You could see a gnoll sergeant, 2 gnolls and a friendly orc priest zombie.

Vanquished Creatures
  Edmund (D:6)
  A water moccasin (D:6)
  A sky beast (D:6)
  A phantom (D:5)
  2 scorpions (D:5)
  2 jellies
  3 hounds
  A gnoll bouda (D:4)
  4 orc priests
  3 iguanas
  Natasha (twice) (D:3)
  2 orc wizards
  4 gnolls
  6 adders
  2 white imps (D:5)
  4 worms
  3 dart slugs
  11 orcs
  6 ball pythons
  4 endoplasms
  4 giant cockroaches
  7 goblins
  8 hobgoblins
  6 jackals
  8 kobolds
  4 quokkas
  7 bats
  3 frilled lizards (D:2)
  5 rats
115 creatures vanquished.

Vanquished Creatures (collateral kills)
  A phantom (D:5)
  An adder (D:4)
  An orc (D:4)
  A ball python (D:2)
4 creatures vanquished.

Vanquished Creatures (others)
  2 orc zombies (D:5)
2 creatures vanquished.

Grand Total: 121 creatures vanquished

Notes
Turn   | Place    | Note
-------+----------+-------------------------------------------
     0 | D:1      | Byczy the Deep Elf Necromancer began the quest for the Orb.
     0 | D:1      | Reached XP level 1. HP: 10/10 MP: 6/6
    46 | D:1      | Reached skill level 5 in Necromancy
   203 | D:1      | Reached XP level 2. HP: 9/15 MP: 2/8
   588 | D:1      | Found Eschorur's Assorted Antiques.
   802 | D:2      | Found a faded altar of an unknown god.
   890 | D:2      | Reached XP level 3. HP: 16/19 MP: 6/10
  1023 | D:2      | Found a broken altar of Ashenzari.
  1656 | D:3      | Learned a level 3 spell: Vampiric Draining
  1793 | D:3      | Reached XP level 4. HP: 24/24 MP: 12/12
  1960 | D:3      | Found a blossoming altar of Fedhas.
  1961 | D:3      | Found a radiant altar of Vehumet.
  1979 | D:3      | Found a sacrificial altar of Ru.
  1987 | D:3      | Reached skill level 6 in Necromancy
  2090 | D:3      | Noticed Natasha
  2095 | D:3      | Killed Natasha
  2096 | D:3      | Reached skill level 5 in Spellcasting
  2139 | D:3      | Reached XP level 5. HP: 28/28 MP: 14/14
  2616 | D:3      | Noticed Natasha
  2627 | D:3      | Killed Natasha
  2694 | D:4      | Reached skill level 7 in Necromancy
  2710 | D:4      | Found a staircase to the Ecumenical Temple.
  2819 | D:4      | Reached XP level 6. HP: 32/32 MP: 16/16
  3307 | D:4      | Reached skill level 8 in Necromancy
  3828 | D:5      | Entered Level 5 of the Dungeon
  3834 | D:5      | Learned a level 4 spell: Animate Dead
  3840 | D:5      | Learned a level 5 spell: Agony
  3966 | D:5      | Reached XP level 7. HP: 22/36 MP: 19/19
  4552 | D:5      | Reached skill level 1 in Long Blades
  4588 | D:5      | Reached skill level 9 in Necromancy
  4948 | D:6      | Noticed Edmund
  4958 | D:6      | Reached skill level 1 in Evocations
  4961 | D:6      | Killed Edmund
  4962 | D:6      | Reached XP level 8. HP: 3/42 MP: 18/21
  5422 | D:6      | Found Nitot's Distillery.
  5753 | D:6      | HP: 1/42 [gnoll/+0 halberd[a gnoll sergeant] (6)]
  5755 | D:6      | Mangled by a gnoll sergeant

Illustrated notes

Levels and vault maps discovered:
D:1:      dpeg_arrival_fog, layout_rooms, serial_shops, shop,
          minmay_misc_feat_chi
D:2:      layout_basic, shapermc_ecumenical_altar_acropolis, basic_altar,
          minmay_quantized
D:3:      wad_crossroads, layout_basic, nicolae_ru_sacrificial_ziggurat,
          gammafunk_temple_overflow_statue, minmay_fountain_box, uniq_natasha
D:4:      layout_basic, minmay_temple_entry_arrows
D:5:      layout_loops_ring
D:6:      layout_layer_cave, nicolae_gozag_cash_rules_everything_around_me,
          serial_shops, nicolae_shop_waterfront, feat_on_display, uniq_edmund

Skill      XL: |  1  2  3  4  5  6  7  8 |
---------------+-------------------------+-----
Necromancy     | 5 6 7 8 9 |  9.7
Spellcasting   | 4 5 6 7 8 |  8.5
Long Blades    | 1 |  1.5
Stealth        | 3 |  3.1
Evocations     | 1 2 |  2.0
Fighting       | |  0.6
Dodging        | |  2.9

Action                     |  1- 3 |  4- 6 |  7- 9 || total
---------------------------+-------+-------+-------++-------
  Melee: Long sword        |       |    11 |    36 ||    47
   Cast: Necrotise         |    68 |   130 |    38 ||   236
         Agony             |       |     1 |     1 ||     2
         Vampiric Draining |       |       |    14 ||    14
         Animate Dead      |       |       |     3 ||     3
  Evoke: Wand              |       |       |    25 ||    25
    Use: Scroll            |     3 |     4 |       ||     7
         Potion            |       |       |     3 ||     3
 Armour: Robe              |     1 |     8 |    19 ||    28
  Dodge: Dodged            |     6 |    26 |    45 ||    77
